Map: Abyssal Reef LE

Players

SamuraiFunn - Winner!

  • Race: Protoss Protoss
  • Spawn Location: 5:00

A.I. 1 (Harder)

  • Race: Zerg Zerg
  • Spawn Location: 11:00

VOD

Have the link to the VOD?

Description

Time

  • Played on: Nov. 9, 2017, 10:07 p.m.
  • Length: 16:37
Show
View Real Time Build Order
Export as new Build Order

SamuraiFunn Protoss - Winner!

Build Orders:  

Get SALT Encoding   

  12  0:01  Probe (Chrono Boost)  
  13  0:12  Probe (Chrono Boost)  
  14  0:20  Pylon  
  14  0:22  Probe (Chrono Boost)  
  15  0:38  Probe (Chrono Boost)  
  16  0:44  Gateway  
  17  0:50  Probe (Chrono Boost)  
  17  0:59  Assimilator  
  17  1:00  Probe (Chrono Boost)  
  18  1:09  Assimilator  
  18  1:11  Probe (Chrono Boost)  
  19  1:21  Probe (Chrono Boost)  
  20  1:32  Probe (Chrono Boost)  
  21  1:39  Pylon  
  21  1:41  Zealot  
  23  1:50  Pylon  
  23  1:57  Probe (Chrono Boost)  
  24  2:02  Cybernetics Core  
  24  2:08  Probe (Chrono Boost)  
  25  2:15  Gateway  
  25  2:19  Probe (Chrono Boost)  
  26  2:34  Nexus  
  26  2:38  Zealot  
  26  2:41  Warp Gate  
  28  2:48  Twilight Council  
  28  2:54  Probe (Chrono Boost)  
  29  3:04  Probe (Chrono Boost)  
  29  3:05  Zealot  
  32  3:10  Zealot  
  34  3:29  Pylon  
  34  3:31  Probe (Chrono Boost)  
  34  3:32  Zealot  
  37  3:36  Assimilator  
  37  3:37  Zealot  
  39  3:45  Probe (Chrono Boost)  
  40  3:59  Pylon  
  40  4:07  Charge  
  40  4:12  Probe x2 (Chrono Boost)  
  42  4:20  Stargate  
  42  4:22  Probe x2 (Chrono Boost)  
  46  4:42  Forge  
  44  4:52  Stargate  
  44  5:03  Probe x2 (Chrono Boost)  
  44  5:06  Nexus  
  46  5:09  Pylon  
  47  5:14  Probe (Chrono Boost)  
  47  5:19  Gateway  
  47  5:21  Gateway  
  47  5:23  Probe (Chrono Boost)  
  47  5:24  Probe (Chrono Boost)  
  47  5:28  Zealot  
  51  5:33  Stalker  
  53  5:44  Probe x2 (Chrono Boost)  
  55  5:56  Probe x2 (Chrono Boost)  
  57  6:05  Forge  
  57  6:09  Probe x2 (Chrono Boost)  
  59  6:15  Stalker  
  59  6:16  Stalker  
  59  6:17  Void Ray  
  67  6:37  Probe x2 (Chrono Boost)  
  67  6:39  Probe (Chrono Boost)  
  70  6:44  Protoss Ground Weapons Level 1 (Chrono Boost)  
  70  6:58  Stalker  
  70  7:00  Stalker  
  66  7:12  Void Ray x2  
  66  7:21  Stalker x2  
  60  7:34  Stalker x2  
  64  7:50  Probe x2  
  64  7:52  Probe  
  64  7:55  Void Ray  
  64  7:57  Pylon  
  71  8:00  Assimilator  
  71  8:06  Assimilator  
  71  8:14  Probe  
  71  8:15  Probe  
  71  8:16  Probe  
  71  8:18  Void Ray  
  78  8:21  Nexus, Stalker x2  
  82  8:29  Stalker  
  82  8:30  Stalker  
  86  8:46  Probe  
  86  8:47  Probe  
  86  8:48  Probe  
  89  9:22  Pylon  
  89  9:24  Pylon  
  89  9:26  Stalker  
  89  9:27  Assimilator, Stalker x3  
  89  9:31  Void Ray  
  97  9:32  Void Ray  
  97  9:33  Protoss Ground Weapons Level 2 (Chrono Boost)  
  105  9:42  Blink (Chrono Boost)  
  105  10:05  Probe x2  
  105  10:06  Probe  
  108  10:11  Assimilator  
  108  10:19  Void Ray x2  
  116  10:23  Stalker  
  116  10:24  Stalker  
  116  10:25  Stalker x2  
  124  10:59  Gateway  
  124  11:01  Gateway  
  124  11:02  Void Ray, Stalker x2  
  132  11:07  Stargate  
  132  11:12  Pylon  
  132  11:13  Pylon  
  132  11:16  Pylon  
  132  11:30  Void Ray  
  136  11:50  Robotics Facility  
  136  11:51  Robotics Facility  
  136  11:56  Protoss Ground Weapons Level 3  
  136  12:03  Zealot x4  
  144  12:40  Warp Prism  
  146  12:44  Warp Prism  
  148  13:16  Warp Prism  
  138  14:20  Stalker  
  138  14:21  Stalker x4  
  138  14:22  Stalker  
  150  14:33  Protoss Ground Armor Level 1  
Show
View Real Time Build Order
Export as new Build Order

A.I. 1 (Harder) Zerg 

Build Orders: Pool First, Muta Ling Bane 

Get SALT Encoding   

  12  0:01  Drone  
  13  0:12  Overlord  
  13  0:17  Drone  
  14  0:30  Drone x2  
  16  0:42  Spawning Pool  
  16  0:45  Drone  
  16  0:50  Drone  
  16  0:52  Extractor  
  16  0:55  Drone  
  17  1:06  Overlord  
  17  1:29  Queen  
  17  1:30  Zergling x2  
  20  1:38  Drone  
  20  1:39  Zergling x2  
  22  1:40  Roach Warren  
  22  1:42  Extractor  
  20  1:49  Drone  
  21  2:00  Drone  
  22  2:10  Overlord  
  22  2:21  Drone  
  23  2:32  Roach  
  23  2:35  Drone  
  26  2:40  Overlord  
  26  2:41  Roach  
  28  2:51  Roach  
  30  3:00  Roach  
  32  3:09  Roach  
  32  3:11  Overlord  
  34  3:18  Roach  
  36  3:28  Roach  
  38  3:36  Overlord  
  38  3:37  Roach  
  40  3:46  Roach  
  42  3:55  Roach  
  42  3:56  Drone  
  42  4:00  Drone  
  46  4:06  Drone  
  47  4:10  Drone  
  47  4:11  Roach  
  47  4:14  Overlord  
  50  4:18  Drone  
  51  4:29  Drone  
  51  4:30  Baneling Nest  
  51  4:37  Evolution Chamber  
  50  4:39  Drone  
  50  4:42  Drone  
  50  4:43  Roach  
  54  4:52  Roach  
  56  5:01  Roach  
  58  6:17  Zergling x2  
  58  6:22  Zerg Melee Weapons Level 1, Overlord  
  58  6:23  Burrow  
  58  6:24  Baneling  
  58  6:30  Zergling x2, Hatchery  
  58  6:37  Zergling x2  
  59  6:43  Baneling  
  59  6:44  Zergling x2, Baneling  
  60  6:50  Zergling x2, Baneling  
  61  6:59  Zergling x2  
  61  7:06  Metabolic Boost  
  41  7:34  Lair  
  41  7:36  Spore Crawler  
  32  7:41  Spore Crawler  
  32  7:43  Drone x4  
  32  7:44  Drone x5  
  36  7:45  Drone  
  36  7:50  Extractor  
  40  7:53  Drone x2  
  40  7:56  Drone  
  43  7:59  Drone  
  43  8:03  Drone  
  43  8:04  Drone  
  46  8:07  Drone  
  47  8:14  Drone  
  47  8:17  Zerg Ground Armor Level 1  
  47  8:18  Drone  
  49  8:24  Drone  
  49  8:25  Drone x3  
  53  8:30  Centrifical Hooks, Drone  
  54  8:35  Spire  
  53  8:43  Extractor  
  52  8:48  Spine Crawler  
  52  8:49  Drone  
  52  8:54  Spine Crawler  
  52  8:55  Drone  
  52  8:56  Spore Crawler  
  52  8:57  Drone  
  52  9:02  Spore Crawler  
  51  9:06  Drone x3  
  51  9:07  Infestation Pit  
  51  9:08  Drone  
  54  9:26  Spine Crawler  
  54  9:29  Spine Crawler  
  52  9:32  Zergling x2  
  52  9:34  Overseer  
  52  9:35  Queen  
  54  9:40  Queen  
  54  9:44  Overlord  
  56  9:47  Mutalisk  
  56  9:51  Hydralisk Den  
  58  9:52  Drone  
  58  9:53  Mutalisk  
  58  9:54  Evolution Chamber  
  58  9:55  Drone  
  58  9:59  Mutalisk  
  60  10:00  Overseer  
  60  10:06  Mutalisk  
  64  10:11  Zerg Missile Weapons Level 1  
  64  10:12  Mutalisk, Hive  
  66  10:19  Mutalisk  
  68  10:25  Mutalisk  
  70  10:32  Mutalisk  
  72  10:42  Corruptor, Pneumatized Carapace  
  74  10:47  Overlord  
  74  10:48  Corruptor  
  76  10:52  Hatchery  
  76  10:55  Mutalisk  
  77  11:01  Mutalisk  
  79  11:06  Overseer  
  79  11:08  Corruptor  
  81  11:14  Corruptor  
  81  11:23  Viper  
  81  11:24  Viper  
  87  11:30  Overlord  
  87  11:36  Lair  
  87  11:41  Overseer  
  87  12:04  Queen, Drone x3  
  87  12:05  Drone x3, Overlord  
  87  12:06  Drone x6  
  87  12:07  Drone x4  
  105  12:17  Drone, Extractor  
  105  12:21  Drone, Spore Crawler  
  105  12:22  Spore Crawler  
  105  12:23  Drone, Overlord  
  105  12:25  Extractor  
  105  12:28  Drone  
  105  12:39  Drone  
  106  12:47  Spine Crawler  
  106  12:48  Drone  
  106  12:49  Spine Crawler  
  106  12:51  Drone  
  106  12:53  Hydralisk x2, Zergling x2, Overlord  
  106  12:54  Zergling x2, Roach  
  106  12:55  Hydralisk  
  106  12:58  Hydralisk  
  96  13:03  Hydralisk, Zergling x2  
  96  13:05  Hatchery  
  48  13:30  Hydralisk  
  42  13:34  Drone x2  
  42  13:39  Queen, Drone x2  
  42  13:40  Hydralisk, Drone x3  
  42  13:41  Drone x3  
  42  13:47  Drone x8  
  36  13:51  Drone  
  36  13:52  Drone x6  
  36  13:55  Hatchery  
  29  13:57  Spire  
  25  14:09  Drone x2  
  14  14:19  Spawning Pool  
  4  14:26  Drone x2  
Tags
 
Composition
Muta Ling Bane
Matchup
PvZ
Opening
Pool First
Replay Pack
First 100 games
Spawn Locations
Cross Positions
Add a new tag
Caveats
  • Supply blocks, unpowered buildings, or Contaminate may cause inaccurate times.
  • Supply counts are checked every 10 seconds.